Avalanche vs Devils

Created - January 5 2007 at 17:56

Goals
1 2 3 T
Avalanche 1 0 0 1
Devils 2 1 0 3
Shots
1 2 3 T
Avalanche 17 6 5 28
Devils 13 9 12 34

Period #1

1. Avalanche , Ossi Vaananen 1 (Ken Klee, Peter Bondra) at 0:53
2. Devils , Brian Rafalski 4 (Miroslav Satan, Patrik Elias) at 12:59
3. Devils , Brian Gionta 12 (Mike Comrie) at 13:23

Penalities :
Jordan Leopold (COL) for Cross-checking (Minor) at 13:38, Ian Laperriere (COL) for Slashing (Minor) at 18:17

Period #2

4. Devils , Chris Campoli 2 (Mike Ribeiro, Mike Comrie) at 15:31 (PP)

Penalities :
Ossi Vaananen (COL) for Clipping (Minor) at 1:12, Alexei Zhitnik (COL) for Kneeing (Major) at 13:36, Chris Campoli (NJD) for Charging (Minor) at 16:06

Period #3

No Goal

Penalities :
Brian Gionta (NJD) for Elbowing (Minor) at 1:11, Brian Gionta (NJD) for Interference (Minor) at 4:05, Karlis Skrastins (COL) for Delaying the game (Minor) at 6:47, Alexei Zhitnik (COL) for Roughing (Minor) at 9:22, Vyacheslav Kozlov (COL) for Hooking (Minor) at 13:43, Jordan Leopold (COL) for Roughing (Double Minor) at 16:49

Goalie Stats

Peter Budaj (COL), 31 saves from 34 shots - (0.912), L, 2-6-1, 60:00 minutes
Martin Brodeur (NJD), 27 saves from 28 shots - (0.964), W, 9-4-0, 60:00 minutes

Players Stats

Avalanche
Player Name              G  A  P  +/- PIM S  H  SB FO MP 
-----------------------------------------------------------
Alexei Zhitnik           0  0  0  -1  7   1  0  0  0  21 
Brett McLean             0  0  0   0  0   1  0  0  21 17 
Ian Laperriere           0  0  0   0  2   1  0  0  0  7  
Joe Sakic                0  0  0  -1  0   3  0  0  29 22 
John-Michael Liles       0  0  0  -1  0   2  0  3  0  24 
Jordan Leopold           0  0  0  -1  6   0  1  1  0  20 
Karlis Skrastins         0  0  0  -1  2   0  0  5  0  25 
Ken Klee                 0  1  1   1  0   0  2  2  0  19 
Marek Svatos             0  0  0  -1  0   5  1  1  0  14 
Mike York                0  0  0  -1  0   1  0  1  2  21 
Milan Hejduk             0  0  0  -1  0   1  1  0  0  12 
Ossi Vaananen            1  0  1   1  2   3  2  0  0  14 
Peter Bondra             0  1  1   1  0   6  0  0  0  14 
Pierre Turgeon           0  0  0   1  0   0  1  0  18 13 
Steve Konowalchuk        0  0  0   0  0   2  1  0  3  15 
Tyler Arnason            0  0  0  -1  0   1  0  0  12 12 
Vyacheslav Kozlov        0  0  0  -1  2   0  0  0  2  12 
Wojtek Wolski            0  0  0   1  0   1  0  0  0  14 
Devils
Player Name              G  A  P  +/- PIM S  H  SB FO MP 
-----------------------------------------------------------
Brian Gionta             1  0  1   1  4   4  0  0  4  22 
Brian Rafalski           1  0  1   1  0   1  0  0  0  25 
Chris Campoli            1  0  1  -1  2   1  0  0  0  23 
Chris Chelios            0  0  0   1  0   0  0  0  0  16 
Colin White              0  0  0   1  0   0  2  0  0  24 
Jamie Langenbrunner      0  0  0   0  0   2  0  0  1  8  
Jay Pandolfo             0  0  0   0  0   1  1  1  0  8  
John Madden              0  0  0  -1  0   4  0  0  0  16 
Juraj Kolnik             0  0  0  -1  0   2  1  0  2  13 
Mike Comrie              0  2  2   1  0   2  1  0  26 21 
Mike Ribeiro             0  1  1   1  0   1  2  0  1  21 
Miroslav Satan           0  1  1   1  0   1  0  0  1  18 
Patrik Elias             0  1  1   1  0   5  0  0  3  19 
Paul Martin              0  0  0   1  0   2  1  1  0  24 
Richard Matvichuk        0  0  0  -1  0   0  1  3  0  14 
Scott Gomez              0  0  0   1  0   8  0  0  22 21 
Sergei Brylin            0  0  0   0  0   0  0  0  15 8  
Zach Parise              0  0  0  -1  0   0  0  0  12 12 

3 Stars

1 - Martin Brodeur (NJD)
2 - Peter Budaj (COL)
3 - Ossi Vaananen (COL)

Power Play

Avalanche - 0 on 3 Attempt(s) - 0.00%
Devils - 1 on 8 Attempt(s) - 12.50%

Penalty Kill

Avalanche - 7 on 8 Attempt(s) - 87.50% - Score 0 goal in Penalty Kill
Devils - 3 on 3 Attempt(s) - 100.00% - Score 0 goal in Penalty Kill

Game Notes

No Game Note

Finance

Level 1 -- Attendance: 4425 (68.08%) -- Ticket Income $442,500.00
Level 2 -- Attendance: 4798 (86.61%) -- Ticket Income $287,880.00
Level 3 -- Attendance: 1845 (92.26%) -- Ticket Income $64,575.00
Level 4 -- Attendance: 3357 (83.92%) -- Ticket Income $67,140.00
Luxury Box -- Attendance: 756 (75.56%) -- Ticket Income $151,200.00
Game was played at the Continental Airlines Arena
Total Attendance: 15181 (79.73%)
Total Ticket Income: $1,021,167.00
Other Expense: $102,935.60
Total Income: $918,231.00


Play by Play

Period #1

0:01 of 1st period - Scott Gomez wins face-off versus Joe Sakic in neutral zone.
0:19 of 1st period - Off-side.
0:20 of 1st period - Tyler Arnason wins face-off versus Mike Comrie in neutral zone.
0:29 of 1st period - Shot by Mike York.
0:29 of 1st period - Stopped by Martin Brodeur without a rebound.
0:30 of 1st period - Zach Parise wins face-off versus Pierre Turgeon in Devils zone.
0:51 of 1st period - Shot by Peter Bondra.
0:51 of 1st period - Stopped by Martin Brodeur with a rebound.
0:52 of 1st period - Shot by Ken Klee.
0:52 of 1st period - Shot Misses the Net.
0:53 of 1st period - Shot by Ossi Vaananen.
0:53 of 1st period - Goal by Ossi Vaananen.
0:54 of 1st period - Scott Gomez wins face-off versus Joe Sakic in neutral zone.
2:01 of 1st period - Shot by Mike Ribeiro.
2:01 of 1st period - Shot Misses the Net.
2:16 of 1st period - Shot by Mike Comrie.
2:16 of 1st period - Shot Blocked by Mike York.
3:27 of 1st period - Shot by Peter Bondra.
3:27 of 1st period - Stopped by Martin Brodeur without a rebound.
3:28 of 1st period - Pierre Turgeon wins face-off versus Sergei Brylin in Devils zone.
3:39 of 1st period - Shot by Wojtek Wolski.
3:39 of 1st period - Shot Misses the Net.
6:01 of 1st period - Chris Campoli is hit by Milan Hejduk and loses puck.
6:53 of 1st period - Shot by Joe Sakic.
6:53 of 1st period - Stopped by Martin Brodeur without a rebound.
6:54 of 1st period - Scott Gomez wins face-off versus Pierre Turgeon in Devils zone.
8:18 of 1st period - Icing by Karlis Skrastins.
8:19 of 1st period - Mike Comrie wins face-off versus Brett McLean in Avalanche zone.
8:54 of 1st period - Shot by Mike Comrie.
8:54 of 1st period - Shot Blocked by Karlis Skrastins.
8:59 of 1st period - Shot by Brian Gionta.
8:59 of 1st period - Shot Misses the Net.
9:04 of 1st period - Shot by Mike Ribeiro.
9:04 of 1st period - Shot Misses the Net.
9:28 of 1st period - Icing by Chris Campoli.
9:29 of 1st period - Sergei Brylin wins face-off versus Pierre Turgeon in Devils zone.
9:31 of 1st period - Icing by Chris Campoli.
9:32 of 1st period - Pierre Turgeon wins face-off versus Sergei Brylin in Devils zone.
9:35 of 1st period - Shot by Peter Bondra.
9:35 of 1st period - Stopped by Martin Brodeur with a rebound.
9:38 of 1st period - Shot by Pierre Turgeon.
9:38 of 1st period - Shot Misses the Net.
9:39 of 1st period - Shot by Ossi Vaananen.
9:39 of 1st period - Stopped by Martin Brodeur without a rebound.
9:40 of 1st period - Sergei Brylin wins face-off versus Pierre Turgeon in Devils zone.
9:40 of 1st period - Brian Rafalski is hit by Ossi Vaananen and loses puck.
10:32 of 1st period - Shot by Mike Comrie.
10:32 of 1st period - Shot Misses the Net.
10:33 of 1st period - Shot by Paul Martin.
10:33 of 1st period - Stopped by Peter Budaj without a rebound.
10:34 of 1st period - Joe Sakic wins face-off versus Mike Comrie in Avalanche zone.
10:38 of 1st period - Marek Svatos is hit by Mike Ribeiro and loses puck.
10:42 of 1st period - Shot by Joe Sakic.
10:42 of 1st period - Stopped by Martin Brodeur without a rebound.
10:43 of 1st period - Joe Sakic wins face-off versus Zach Parise in Devils zone.
11:02 of 1st period - Shot by John Madden.
11:02 of 1st period - Shot Hit the Post.
11:05 of 1st period - Shot by John Madden.
11:05 of 1st period - Stopped by Peter Budaj without a rebound.
11:06 of 1st period - Mike Ribeiro wins face-off versus Tyler Arnason in Avalanche zone.
11:17 of 1st period - Shot by Mike Comrie.
11:17 of 1st period - Shot Misses the Net.
11:21 of 1st period - Off-side.
11:22 of 1st period - Pierre Turgeon wins face-off versus Zach Parise in neutral zone.
11:43 of 1st period - Shot by Zach Parise.
11:43 of 1st period - Stopped by Peter Budaj without a rebound.
11:44 of 1st period - Joe Sakic wins face-off versus Brian Gionta in Avalanche zone.
11:49 of 1st period - Shot by Joe Sakic.
11:49 of 1st period - Stopped by Martin Brodeur without a rebound.
11:50 of 1st period - Mike Comrie wins face-off versus Joe Sakic in Devils zone.
12:01 of 1st period - Shot by Joe Sakic.
12:01 of 1st period - Stopped by Martin Brodeur with a rebound.
12:18 of 1st period - Shot by Joe Sakic.
12:18 of 1st period - Shot Misses the Net.
12:19 of 1st period - Shot by Alexei Zhitnik.
12:19 of 1st period - Shot Misses the Net.
12:20 of 1st period - Shot by Alexei Zhitnik.
12:20 of 1st period - Stopped by Martin Brodeur without a rebound.
12:21 of 1st period - Tyler Arnason wins face-off versus Scott Gomez in Devils zone.
12:58 of 1st period - Shot by Miroslav Satan.
12:58 of 1st period - Shot Blocked by John-Michael Liles.
12:59 of 1st period - Shot by Brian Rafalski.
12:59 of 1st period - Goal by Brian Rafalski.
13:00 of 1st period - Pierre Turgeon wins face-off versus Zach Parise in neutral zone.
13:17 of 1st period - Shot by Juraj Kolnik.
13:17 of 1st period - Stopped by Peter Budaj without a rebound.
13:18 of 1st period - Mike Comrie wins face-off versus Joe Sakic in Avalanche zone.
13:23 of 1st period - Shot by Brian Gionta.
13:23 of 1st period - Goal by Brian Gionta.
13:24 of 1st period - Joe Sakic wins face-off versus Mike Comrie in neutral zone.
13:38 of 1st period - Minor Penalty to Jordan Leopold for Cross-checking.
13:39 of 1st period - Scott Gomez wins face-off versus Brett McLean in neutral zone.
13:44 of 1st period - Shot by Patrik Elias.
13:44 of 1st period - Shot Blocked by John-Michael Liles.
13:47 of 1st period - Shot by Scott Gomez.
13:47 of 1st period - Stopped by Peter Budaj without a rebound.
13:48 of 1st period - Brett McLean wins face-off versus Mike Comrie in Avalanche zone.
14:17 of 1st period - Shot by Brian Gionta.
14:17 of 1st period - Shot Misses the Net.
14:20 of 1st period - Shot by Mike Ribeiro.
14:20 of 1st period - Shot Misses the Net.
14:23 of 1st period - Shot by Brian Gionta.
14:23 of 1st period - Shot Misses the Net.
14:24 of 1st period - Shot by Paul Martin.
14:24 of 1st period - Stopped by Peter Budaj with a rebound.
14:25 of 1st period - Shot by Brian Gionta.
14:25 of 1st period - Stopped by Peter Budaj without a rebound.
14:26 of 1st period - Joe Sakic wins face-off versus Scott Gomez in Avalanche zone.
14:45 of 1st period - Shot by Scott Gomez.
14:45 of 1st period - Stopped by Peter Budaj without a rebound.
14:46 of 1st period - Joe Sakic wins face-off versus Scott Gomez in Avalanche zone.
14:59 of 1st period - Shot by Scott Gomez.
14:59 of 1st period - Stopped by Peter Budaj without a rebound.
15:00 of 1st period - Mike Comrie wins face-off versus Brett McLean in Avalanche zone.
15:15 of 1st period - Shot by Mike Comrie.
15:15 of 1st period - Shot Blocked by Ken Klee.
15:16 of 1st period - Shot by Chris Campoli.
15:16 of 1st period - Shot Blocked by Karlis Skrastins.
15:19 of 1st period - Shot by Mike Ribeiro.
15:19 of 1st period - Stopped by Peter Budaj without a rebound.
15:20 of 1st period - Scott Gomez wins face-off versus Steve Konowalchuk in Avalanche zone.
15:40 of 1st period - Icing by Miroslav Satan.
15:41 of 1st period - Zach Parise wins face-off versus Pierre Turgeon in Devils zone.
15:47 of 1st period - John Madden is hit by Ossi Vaananen and loses puck.
16:03 of 1st period - Shot by Peter Bondra.
16:03 of 1st period - Stopped by Martin Brodeur without a rebound.
16:04 of 1st period - Joe Sakic wins face-off versus Mike Comrie in Devils zone.
16:09 of 1st period - Shot by Marek Svatos.
16:09 of 1st period - Stopped by Martin Brodeur without a rebound.
16:10 of 1st period - Brett McLean wins face-off versus Sergei Brylin in Devils zone.
16:25 of 1st period - Shot by Brett McLean.
16:25 of 1st period - Stopped by Martin Brodeur without a rebound.
16:26 of 1st period - Tyler Arnason wins face-off versus Mike Comrie in Devils zone.
17:31 of 1st period - Shot by Miroslav Satan.
17:31 of 1st period - Shot Misses the Net.
17:32 of 1st period - Shot by Brian Rafalski.
17:32 of 1st period - Shot Misses the Net.
17:35 of 1st period - Shot by Scott Gomez.
17:35 of 1st period - Shot Misses the Net.
17:38 of 1st period - Shot by Patrik Elias.
17:38 of 1st period - Stopped by Peter Budaj without a rebound.
17:39 of 1st period - Joe Sakic wins face-off versus Zach Parise in Avalanche zone.
17:52 of 1st period - Shot by Joe Sakic.
17:52 of 1st period - Stopped by Martin Brodeur without a rebound.
17:53 of 1st period - Sergei Brylin wins face-off versus Brett McLean in Devils zone.
17:57 of 1st period - Jamie Langenbrunner is hit by Steve Konowalchuk and loses puck.
18:09 of 1st period - Shot by Steve Konowalchuk.
18:09 of 1st period - Stopped by Martin Brodeur with a rebound.
18:17 of 1st period - Minor Penalty to Ian Laperriere for Slashing.
18:18 of 1st period - Mike Comrie wins face-off versus Joe Sakic in Devils zone.
18:34 of 1st period - Icing by Paul Martin.
18:35 of 1st period - Joe Sakic wins face-off versus Mike Comrie in Devils zone.
18:40 of 1st period - Shot by Joe Sakic.
18:40 of 1st period - Shot Misses the Net.
18:41 of 1st period - Shot by John-Michael Liles.
18:41 of 1st period - Stopped by Martin Brodeur with a rebound.
19:28 of 1st period - Shot by Patrik Elias.
19:28 of 1st period - Shot Misses the Net.

Period #2

0:01 of 2nd period - Joe Sakic wins face-off versus Scott Gomez in neutral zone.
0:16 of 2nd period - Shot by Miroslav Satan.
0:16 of 2nd period - Shot Misses the Net.
0:40 of 2nd period - Brian Gionta is hit by Ken Klee and loses puck.
0:57 of 2nd period - Brian Gionta is hit by Pierre Turgeon and loses puck.
1:12 of 2nd period - Minor Penalty to Ossi Vaananen for Clipping.
1:13 of 2nd period - Joe Sakic wins face-off versus Scott Gomez in Avalanche zone.
1:39 of 2nd period - Icing by Miroslav Satan.
1:40 of 2nd period - Joe Sakic wins face-off versus Scott Gomez in Devils zone.
1:44 of 2nd period - Joe Sakic is hit by Colin White and loses puck.
2:28 of 2nd period - Shot by Mike Ribeiro.
2:28 of 2nd period - Shot Misses the Net.
3:12 of 2nd period - Scott Gomez is hit by Ken Klee and loses puck.
3:22 of 2nd period - Shot by Pierre Turgeon.
3:22 of 2nd period - Shot Misses the Net.
3:25 of 2nd period - Shot by Wojtek Wolski.
3:25 of 2nd period - Shot Misses the Net.
3:28 of 2nd period - Shot by Pierre Turgeon.
3:28 of 2nd period - Shot Blocked by Richard Matvichuk.
3:31 of 2nd period - Shot by Peter Bondra.
3:31 of 2nd period - Stopped by Martin Brodeur without a rebound.
3:32 of 2nd period - Sergei Brylin wins face-off versus Tyler Arnason in Devils zone.
3:59 of 2nd period - Shot by Jay Pandolfo.
3:59 of 2nd period - Stopped by Peter Budaj without a rebound.
4:00 of 2nd period - Zach Parise wins face-off versus Joe Sakic in Avalanche zone.
4:33 of 2nd period - Shot by Zach Parise.
4:33 of 2nd period - Shot Misses the Net.
4:36 of 2nd period - Shot by John Madden.
4:36 of 2nd period - Shot Hit the Post.
4:39 of 2nd period - Shot by Juraj Kolnik.
4:39 of 2nd period - Shot Misses the Net.
4:59 of 2nd period - Brian Gionta is hit by Jordan Leopold and loses puck.
5:01 of 2nd period - Shot by Brian Gionta.
5:01 of 2nd period - Shot Blocked by Jordan Leopold.
5:04 of 2nd period - Shot by Mike Comrie.
5:04 of 2nd period - Stopped by Peter Budaj without a rebound.
5:05 of 2nd period - Pierre Turgeon wins face-off versus Mike Comrie in Avalanche zone.
5:12 of 2nd period - Shot by Wojtek Wolski.
5:12 of 2nd period - Stopped by Martin Brodeur without a rebound.
5:13 of 2nd period - Tyler Arnason wins face-off versus Scott Gomez in Devils zone.
5:34 of 2nd period - Shot by Scott Gomez.
5:34 of 2nd period - Shot Misses the Net.
5:39 of 2nd period - Shot by Scott Gomez.
5:39 of 2nd period - Stopped by Peter Budaj without a rebound.
5:40 of 2nd period - Pierre Turgeon wins face-off versus Mike Comrie in Avalanche zone.
6:02 of 2nd period - Pierre Turgeon is hit by Mike Comrie and loses puck.
7:19 of 2nd period - Icing by Chris Campoli.
7:20 of 2nd period - Zach Parise wins face-off versus Joe Sakic in Devils zone.
7:35 of 2nd period - Shot by Patrik Elias.
7:35 of 2nd period - Shot Misses the Net.
8:19 of 2nd period - Off-side.
8:20 of 2nd period - Tyler Arnason wins face-off versus Mike Comrie in neutral zone.
8:55 of 2nd period - Shot by Mike Comrie.
8:55 of 2nd period - Shot Blocked by John-Michael Liles.
8:56 of 2nd period - Shot by Paul Martin.
8:56 of 2nd period - Shot Misses the Net.
8:59 of 2nd period - Shot by Brian Gionta.
8:59 of 2nd period - Shot Misses the Net.
9:00 of 2nd period - Shot by Paul Martin.
9:00 of 2nd period - Shot Misses the Net.
9:26 of 2nd period - Milan Hejduk is hit by Juraj Kolnik and loses puck.
9:44 of 2nd period - Shot by Peter Bondra.
9:44 of 2nd period - Shot Misses the Net.
10:13 of 2nd period - Shot by Peter Bondra.
10:13 of 2nd period - Shot Misses the Net.
10:25 of 2nd period - Joe Sakic is hit by Richard Matvichuk and loses puck.
11:09 of 2nd period - Shot by Joe Sakic.
11:09 of 2nd period - Shot Misses the Net.
12:15 of 2nd period - Icing by Paul Martin.
12:16 of 2nd period - Tyler Arnason wins face-off versus Mike Comrie in Devils zone.
12:29 of 2nd period - Shot by Tyler Arnason.
12:29 of 2nd period - Stopped by Martin Brodeur with a rebound.
12:40 of 2nd period - Shot by Mike York.
12:40 of 2nd period - Shot Misses the Net.
12:45 of 2nd period - Shot by Tyler Arnason.
12:45 of 2nd period - Shot Blocked by Paul Martin.
12:46 of 2nd period - Shot by John-Michael Liles.
12:46 of 2nd period - Stopped by Martin Brodeur without a rebound.
12:47 of 2nd period - Vyacheslav Kozlov wins face-off versus Sergei Brylin in Devils zone.
12:47 of 2nd period - Marek Svatos is hit by Jay Pandolfo and loses puck.
13:02 of 2nd period - Marek Svatos is hit by Colin White and loses puck.
13:05 of 2nd period - Icing by Brian Rafalski.
13:06 of 2nd period - Sergei Brylin wins face-off versus Brett McLean in Devils zone.
13:10 of 2nd period - Off-side.
13:11 of 2nd period - Brett McLean wins face-off versus Juraj Kolnik in neutral zone.
13:25 of 2nd period - Icing by Karlis Skrastins.
13:26 of 2nd period - Scott Gomez wins face-off versus Brett McLean in Avalanche zone.
13:36 of 2nd period - Major Penalty to Alexei Zhitnik for Kneeing.
13:37 of 2nd period - Scott Gomez wins face-off versus Brett McLean in Avalanche zone.
13:46 of 2nd period - Shot by Scott Gomez.
13:46 of 2nd period - Shot Blocked by Karlis Skrastins.
13:49 of 2nd period - Shot by Miroslav Satan.
13:49 of 2nd period - Stopped by Peter Budaj without a rebound.
13:50 of 2nd period - Mike Comrie wins face-off versus Joe Sakic in Avalanche zone.
14:32 of 2nd period - Off-side.
14:33 of 2nd period - Brett McLean wins face-off versus Scott Gomez in neutral zone.
15:16 of 2nd period - Shot by Patrik Elias.
15:16 of 2nd period - Stopped by Peter Budaj without a rebound.
15:17 of 2nd period - Mike Comrie wins face-off versus Brett McLean in Avalanche zone.
15:22 of 2nd period - Shot by Mike Comrie.
15:22 of 2nd period - Shot Misses the Net.
15:29 of 2nd period - Shot by Mike Comrie.
15:29 of 2nd period - Shot Misses the Net.
15:30 of 2nd period - Shot by Mike Ribeiro.
15:30 of 2nd period - Shot Misses the Net.
15:31 of 2nd period - Shot by Chris Campoli.
15:31 of 2nd period - Goal by Chris Campoli.
15:32 of 2nd period - Patrik Elias wins face-off versus Brett McLean in neutral zone.
16:06 of 2nd period - Minor Penalty to Chris Campoli for Charging.
16:07 of 2nd period - Brian Gionta wins face-off versus Joe Sakic in Avalanche zone.
16:26 of 2nd period - Shot by Brian Gionta.
16:26 of 2nd period - Stopped by Peter Budaj with a rebound.
17:51 of 2nd period - Shot by Peter Bondra.
17:51 of 2nd period - Stopped by Martin Brodeur without a rebound.
17:52 of 2nd period - Mike York wins face-off versus Brian Gionta in Devils zone.
17:53 of 2nd period - Shot by Marek Svatos.
17:53 of 2nd period - Stopped by Martin Brodeur without a rebound.
17:54 of 2nd period - Brian Gionta wins face-off versus Mike York in Devils zone.
18:08 of 2nd period - Off-side.
18:09 of 2nd period - Steve Konowalchuk wins face-off versus Mike Comrie in neutral zone.
19:34 of 2nd period - Shot by Patrik Elias.
19:34 of 2nd period - Shot Blocked by Karlis Skrastins.
19:35 of 2nd period - Shot by Miroslav Satan.
19:35 of 2nd period - Stopped by Peter Budaj with a rebound.
19:36 of 2nd period - Shot by Colin White.
19:36 of 2nd period - Shot Misses the Net.
19:39 of 2nd period - Shot by Scott Gomez.
19:39 of 2nd period - Shot Misses the Net.
19:42 of 2nd period - Shot by Scott Gomez.
19:42 of 2nd period - Stopped by Peter Budaj without a rebound.
19:43 of 2nd period - Pierre Turgeon wins face-off versus Sergei Brylin in Avalanche zone.
19:51 of 2nd period - Icing by Peter Bondra.
19:52 of 2nd period - Mike Comrie wins face-off versus Pierre Turgeon in Avalanche zone.

Period #3

0:01 of 3rd period - Scott Gomez wins face-off versus Joe Sakic in neutral zone.
0:03 of 3rd period - Miroslav Satan is hit by Marek Svatos and loses puck.
1:06 of 3rd period - Tyler Arnason is hit by Paul Martin and loses puck.
1:11 of 3rd period - Minor Penalty to Brian Gionta for Elbowing.
1:12 of 3rd period - Scott Gomez wins face-off versus Tyler Arnason in Devils zone.
1:58 of 3rd period - Icing by Karlis Skrastins.
1:59 of 3rd period - Scott Gomez wins face-off versus Tyler Arnason in Avalanche zone.
3:15 of 3rd period - Peter Bondra is hit by Mike Ribeiro and loses puck.
3:25 of 3rd period - Shot by Mike Ribeiro.
3:25 of 3rd period - Stopped by Peter Budaj without a rebound.
3:26 of 3rd period - Zach Parise wins face-off versus Brett McLean in Avalanche zone.
3:35 of 3rd period - Shot by Steve Konowalchuk.
3:35 of 3rd period - Shot Blocked by Richard Matvichuk.
3:36 of 3rd period - Shot by Joe Sakic.
3:36 of 3rd period - Shot Misses the Net.
3:37 of 3rd period - Shot by Ian Laperriere.
3:37 of 3rd period - Stopped by Martin Brodeur with a rebound.
3:38 of 3rd period - Shot by Brett McLean.
3:38 of 3rd period - Shot Blocked by Richard Matvichuk.
3:41 of 3rd period - Shot by Joe Sakic.
3:41 of 3rd period - Shot Misses the Net.
3:44 of 3rd period - Shot by Joe Sakic.
3:44 of 3rd period - Stopped by Martin Brodeur without a rebound.
3:45 of 3rd period - Mike Comrie wins face-off versus Pierre Turgeon in Devils zone.
4:05 of 3rd period - Minor Penalty to Brian Gionta for Interference.
4:06 of 3rd period - Sergei Brylin wins face-off versus Tyler Arnason in Devils zone.
4:29 of 3rd period - Shot by Tyler Arnason.
4:29 of 3rd period - Shot Misses the Net.
4:30 of 3rd period - Shot by Karlis Skrastins.
4:30 of 3rd period - Shot Misses the Net.
4:33 of 3rd period - Shot by Marek Svatos.
4:33 of 3rd period - Shot Misses the Net.
4:34 of 3rd period - Shot by Karlis Skrastins.
4:34 of 3rd period - Stopped by Martin Brodeur without a rebound.
4:35 of 3rd period - Joe Sakic wins face-off versus Scott Gomez in Devils zone.
5:53 of 3rd period - Icing by Joe Sakic.
5:54 of 3rd period - Joe Sakic wins face-off versus Scott Gomez in Avalanche zone.
6:00 of 3rd period - Off-side.
6:01 of 3rd period - Joe Sakic wins face-off versus Sergei Brylin in neutral zone.
6:34 of 3rd period - Shot by Mike Comrie.
6:34 of 3rd period - Stopped by Peter Budaj without a rebound.
6:35 of 3rd period - Brett McLean wins face-off versus Zach Parise in Avalanche zone.
6:47 of 3rd period - Minor Penalty to Karlis Skrastins for Delaying the game.
6:48 of 3rd period - Brett McLean wins face-off versus Scott Gomez in Avalanche zone.
8:57 of 3rd period - Shot by Juraj Kolnik.
8:57 of 3rd period - Shot Misses the Net.
9:13 of 3rd period - Icing by Karlis Skrastins.
9:14 of 3rd period - Pierre Turgeon wins face-off versus Sergei Brylin in Avalanche zone.
9:19 of 3rd period - Shot by Peter Bondra.
9:19 of 3rd period - Stopped by Martin Brodeur without a rebound.
9:20 of 3rd period - Sergei Brylin wins face-off versus Joe Sakic in Devils zone.
9:22 of 3rd period - Minor Penalty to Alexei Zhitnik for Roughing.
9:23 of 3rd period - Scott Gomez wins face-off versus Steve Konowalchuk in neutral zone.
9:42 of 3rd period - Shot by Patrik Elias.
9:42 of 3rd period - Shot Misses the Net.
10:14 of 3rd period - Off-side.
10:15 of 3rd period - Mike Comrie wins face-off versus Brett McLean in neutral zone.
10:42 of 3rd period - Shot by Mike Ribeiro.
10:42 of 3rd period - Shot Misses the Net.
10:43 of 3rd period - Shot by Chris Campoli.
10:43 of 3rd period - Shot Blocked by Ken Klee.
11:24 of 3rd period - Shot by Scott Gomez.
11:24 of 3rd period - Stopped by Peter Budaj without a rebound.
11:25 of 3rd period - Zach Parise wins face-off versus Pierre Turgeon in Avalanche zone.
11:28 of 3rd period - Shot by Zach Parise.
11:28 of 3rd period - Shot Misses the Net.
11:31 of 3rd period - Shot by John Madden.
11:31 of 3rd period - Stopped by Peter Budaj with a rebound.
11:32 of 3rd period - Shot by John Madden.
11:32 of 3rd period - Stopped by Peter Budaj without a rebound.
11:33 of 3rd period - Pierre Turgeon wins face-off versus Juraj Kolnik in Avalanche zone.
11:54 of 3rd period - Shot by Juraj Kolnik.
11:54 of 3rd period - Stopped by Peter Budaj without a rebound.
11:55 of 3rd period - Sergei Brylin wins face-off versus Vyacheslav Kozlov in Avalanche zone.
12:04 of 3rd period - Shot by Jay Pandolfo.
12:04 of 3rd period - Shot Misses the Net.
12:07 of 3rd period - Shot by Jamie Langenbrunner.
12:07 of 3rd period - Stopped by Peter Budaj with a rebound.
12:08 of 3rd period - Shot by Colin White.
12:08 of 3rd period - Shot Blocked by Marek Svatos.
12:11 of 3rd period - Shot by Jamie Langenbrunner.
12:11 of 3rd period - Stopped by Peter Budaj without a rebound.
12:12 of 3rd period - Tyler Arnason wins face-off versus Patrik Elias in Avalanche zone.
13:30 of 3rd period - Icing by Ossi Vaananen.
13:31 of 3rd period - Pierre Turgeon wins face-off versus Mike Comrie in Avalanche zone.
13:43 of 3rd period - Minor Penalty to Vyacheslav Kozlov for Hooking.
13:44 of 3rd period - Mike Comrie wins face-off versus Joe Sakic in neutral zone.
15:09 of 3rd period - Shot by Scott Gomez.
15:09 of 3rd period - Stopped by Peter Budaj without a rebound.
15:10 of 3rd period - Jamie Langenbrunner wins face-off versus Brett McLean in Avalanche zone.
16:11 of 3rd period - Shot by Wojtek Wolski.
16:11 of 3rd period - Shot Misses the Net.
16:12 of 3rd period - Shot by Ossi Vaananen.
16:12 of 3rd period - Shot Blocked by Jay Pandolfo.
16:13 of 3rd period - Shot by Ossi Vaananen.
16:13 of 3rd period - Stopped by Martin Brodeur without a rebound.
16:14 of 3rd period - Zach Parise wins face-off versus Joe Sakic in Devils zone.
16:31 of 3rd period - Shot by John Madden.
16:31 of 3rd period - Shot Misses the Net.
16:49 of 3rd period - Double Minor Penalty to Jordan Leopold for Roughing.
16:50 of 3rd period - Brett McLean wins face-off versus Miroslav Satan in neutral zone.
17:05 of 3rd period - Shot by Patrik Elias.
17:05 of 3rd period - Shot Misses the Net.
17:08 of 3rd period - Shot by Scott Gomez.
17:08 of 3rd period - Shot Blocked by Karlis Skrastins.
17:09 of 3rd period - Shot by Patrik Elias.
17:09 of 3rd period - Stopped by Peter Budaj without a rebound.
17:10 of 3rd period - Joe Sakic wins face-off versus Mike Comrie in Avalanche zone.
18:01 of 3rd period - Shot by Scott Gomez.
18:01 of 3rd period - Stopped by Peter Budaj without a rebound.
18:02 of 3rd period - Brett McLean wins face-off versus Patrik Elias in Avalanche zone.
19:49 of 3rd period - Shot by Scott Gomez.
19:49 of 3rd period - Stopped by Peter Budaj without a rebound.
19:50 of 3rd period - Brett McLean wins face-off versus Mike Comrie in Avalanche zone.


Output by the SimonT Hockey Simulator (STHS) for Stephane Roy -- Original Page W3C XHTML 1.0 Valid